 Dungeon Crawl Stone Soup version 0.30-a0-122-g2a1322497e (webtiles) character file.

Game seed: 1515924743581587008

35 Dreamer the Insei (level 3, 0/20 (23) HPs)
             Began as an Octopode Transmuter on Sept 15, 2022.
             Hit by a stone thrown by a hobgoblin (5 damage)
             ... on level 2 of the Dungeon.
             The game lasted 00:02:19 (1900 turns).

Dreamer the Insei (Octopode Transmuter)             Turns: 1900, Time: 00:02:20

HP:   0/20 (23)     AC:  1    Str: 11    XL:     3   Next: 33%
MP:   6/6           EV: 13    Int: 15    God:
Gold: 72            SH:  0    Dex: 12    Spells: 5/6 levels left

rFire   . . .      SeeInvis .    d - +0 dagger
rCold   . . .      Faith    .    (no shield)
rNeg    . . .      Spirit   .    (helmet restricted)
rPois   .          Reflect  .    (no amulet)
rElec   .          Harm     .    (no ring)
rCorr   .          Rampage  .    (no ring)
Will    .....                    (no ring)
Stlth   ++........               (no ring)
HPRegen 0.06/turn                (no ring)
MPRegen 0.10/turn                (no ring)
                                 (no ring)
                                 (no ring)

@: heavily drained
A: almost no armour, amphibious, 8 rings, camouflage 1, gelatinous body 1,
(nimble swimmer 1), tentacles
a: no special abilities


You were on level 2 of the Dungeon.
You visited 1 branch of the dungeon, and saw 2 of its levels.

You collected 72 gold pieces.

Inventory:

Hand Weapons
 d - a +0 dagger (weapon)
Armour
 b - a +0 kite shield
Scrolls
 f - 2 scrolls of identify {unknown}
 g - a scroll of teleportation {unknown}
Potions
 a - a potion of lignification
 c - a potion of heal wounds {unknown}
 e - a potion of attraction {unknown}
 h - a potion of ambrosia {unknown}
 i - a potion of cancellation {unknown}
 j - a potion of curing {unknown}
 k - a potion of brilliance {unknown}


   Skills:
 + Level 1.5 Fighting
 + Level 2.3 Dodging
 + Level 3.2 Unarmed Combat
 + Level 2.3 Spellcasting
 + Level 2.3 Transmutations


You had 5 spell levels left.
You knew the following spells:

 Your Spells              Type           Power      Damage    Failure   Level
a - Beastly Appendage     Tmut           16%        N/A       9%          1

Your spell library contained the following spells:

 Spells                   Type           Power      Damage    Failure   Level
 Wereblood                Tmut           8%         N/A       12%         2
 Passwall                 Tmut/Erth      4%         N/A       21%         2
 Sandblast                Erth           2%         2d4       22%         1
 Spider Form              Tmut/Pois      5%         N/A       36%         3
 Stone Arrow              Conj/Erth      2%         3d7       54%         3
 Ice Form                 Ice/Tmut       5%         N/A       78%         4


Dungeon Overview and Level Annotations

Branches:
Dungeon (2/15)

Altars:


Innate Abilities, Weirdness & Mutations

You cannot wear most types of armour.
You are amphibious.
You can wear up to eight rings at the same time.
Your skin changes colour to match your surroundings (Stealth+).
Your rubbery body absorbs attacks. (AC +1, EV +1)
((You are camouflaged when in or above water. (Stealth+)))
You have tentacles for arms and can constrict up to eight enemies at once.


Message History

You are frozen.
You hit the endoplasm.
The endoplasm is almost dead.
The endoplasm freezes you.
You are frozen.
You hit the endoplasm.
You kill the endoplasm!
You now have 45 gold pieces (gained 8).
You open the door.
There is an open door here.
You now have 61 gold pieces (gained 16).
An endoplasm comes into view.
Found 11 gold pieces.
The helpless endoplasm fails to defend itself.
You hit the endoplasm.
You kill the endoplasm!
You now have 72 gold pieces (gained 11).
A kobold comes into view.
It is wielding a +3 short sword of draining.
The kobold shouts!
A hobgoblin comes into view.
The kobold throws a stone.
The stone hits you but does no damage.
The kobold throws a stone.
The stone misses you.
The kobold hits you with a +3 short sword of draining.
You feel drained.
You closely miss the kobold.
The hobgoblin shouts!
You grab the kobold.
You constrict the kobold, but do no damage.
The kobold hits you with a +3 short sword of draining!
You feel drained.
You hit the kobold but do no damage. Your squeeze misses the kobold.
You constrict the kobold.
The kobold hits you with a +3 short sword of draining.
* * * LOW HITPOINT WARNING * * *
You feel drained.
* * * LOW HITPOINT WARNING * * *
You hit the kobold.
You kill the kobold!
The hobgoblin throws a stone.
The stone hits you.
You die...

...# #.......#
...# . #.......#
...# ..
#.......# ...##.
...#####.......#
......
...g...........#
##..##
...............#
...##
...............#
.###
.......).......#
.#
.....###@#+#+###
.# ... #.#.....#
.# . #.###.#.#
.# #.....#.# ##
#######.# # #.#
# #.# #####...
#.# ........ #.#


You could see a hobgoblin.

Vanquished Creatures
  2 dart slugs
  5 ball pythons
  5 endoplasms
  A giant cockroach (D:1)
  A goblin (D:1)
  A hobgoblin (D:1)
  3 kobolds
  4 quokkas (D:1)
  2 bats (D:1)
  A frilled lizard (D:1)
  4 rats
29 creatures vanquished.

Notes
Turn   | Place    | Note
-------+----------+-------------------------------------------
     0 | D:1      | Dreamer the Octopode Transmuter began the quest for the
                  | Orb.
     0 | D:1      | Reached XP level 1. HP: 13/13 MP: 3/3
   511 | D:1      | Reached XP level 2. HP: 18/18 MP: 5/5
   514 | D:1      | Found a faded altar of an unknown god.
  1050 | D:1      | Reached XP level 3. HP: 21/23 MP: 6/6
  1900 | D:2      | Hit by a stone thrown by a hobgoblin

Illustrated notes

Levels and vault maps discovered:
D:1:      dpeg_arrival_simpleton_c, layout_loops_cross,
          shapermc_ecumenical_altar_starsandcircs, nrook_mini_backslash
D:2:      layout_basic, uniq_robin

Action                   || total
-------------------------++-------
Melee: Unarmed           ||    14
       Tentacles         ||    12
       Constrict         ||    12
       Punch             ||     1
       Dagger            ||    59
 Stab: Distracted        ||     1
       Sleeping          ||     7
Armor: Skin              ||     4
Dodge: Dodged            ||    39

Table legend: (Time is in decaauts)
 A = Elapsed time spent in this place.
 B = Non-inter-level travel time spent in this place.
 C = Inter-level travel time spent in this place.
 D = Time resting spent in this place.
 E = Time spent auto-exploring this place.
 F = Levels seen in this place.
 G = Mean time per level.
                   A        B        C        D        E       F      G
               +--------+--------+--------+--------+--------+-----+--------+
         Total |   1898 |   1884 |     14 |    372 |   1255 |   2 |  949.0 |
       Dungeon |   1898 |   1884 |     14 |    372 |   1255 |   2 |  949.0 |
               +--------+--------+--------+--------+--------+-----+--------+

Top non-repeatable levels by time:
     D:1: 1236 daAuts
     D:2: 661 daAuts
